 Dungeon Crawl Stone Soup version 0.29.1-12-g30fa7ad0bf (webtiles) character file.

Game seed: 2102243717292339199

697433 mopl the Executioner (level 27, -18/342 HPs)
             Began as a Formicid Warper on Jan 6, 2023.
             Was the Champion of the Shining One.
             Demolished by a death scarab (20 damage)
             ... summoned by a royal mummy
             ... on level 1 of the Tomb of the Ancients on Jan 14, 2023.
             The game lasted 02:48:17 (59922 turns).

mopl the Executioner (Formicid Warper)             Turns: 59922, Time: 02:48:18

Health: -18/342    AC: 33    Str: 27    XL:     27
Magic:  7/35       EV:  2    Int: 15    God:    the Shining One [******]
Gold:   6968       SH: 26    Dex: 13    Spells: 6/36 levels left

rFire   + + .      SeeInvis +   T - +9 executioner's axe (holy)
rCold   . . .      Faith    .   W - +0 tower shield "Muateadymp" {Harm *Slow Will++ Regen+}
rNeg    + + +      Spirit   .   (body armour currently unavailable)
rPois   +          Reflect  +   (helmet unavailable)
rElec   +          Harm     +   (cloak currently unavailable)
rCorr   .          Rampage  .   (gloves currently unavailable)
Will    ++++.                   (boots currently unavailable)
Stlth   +.........              v - amulet of Teugar {Reflect Drain rF++ rN+ Int+3 SH+5}
HPRegen 1.47/turn               s - ring of Geojo {Slay+4 SInv}
MPRegen 0.24/turn               t - ring "Mykikhlulu" {*Slow +Blink rElec rPois Int-2}

@: tree-form, glowing, studying 4 skills
A: stationary, stasis, torment immunity, boosted hp, permanent stasis, dig
shafts and tunnels, (antennae 3), four strong arms, clumsy 1, no potion heal 1
}: 4/15 runes: barnacled, slimy, silver, gossamer
a: Renounce Religion, Divine Shield, Cleansing Flame, Summon Divine Warrior


You were on level 1 of the Tomb of the Ancients.
You worshipped the Shining One.
The Shining One was exalted by your worship.
You were a tree.
You visited 14 branches of the dungeon, and saw 58 of its levels.
You also visited: Volcano and Desolation.

You collected 9104 gold pieces.
You spent 2136 gold pieces at shops.

Inventory:

Hand Weapons
 a - the +4 executioner's axe of Taxation {speed, Str+2 SInv}
   (Okawaru gifted it to you on level 12 of the Dungeon)

   Attacks with this weapon are significantly faster.
   Str:       It affects your strength (+2).
   SInv:      It lets you see invisible.
 b - the +8 frozen axe "Frostbite" {freezing cloud, *Noise Fly rC+}
   (You took it off a deep elf death mage on level 3 of the Elven Halls)

   It freezes those it strikes, dealing additional cold damage.
   It can also slow down cold-blooded creatures.
   It occasionally leaves clouds of freezing vapour upon striking a foe.
   It grants immunity to clouds of freezing vapour.
   rC:        It protects you from cold.
   Fly:       It grants you flight.
   *Noise:    It may make noises in combat.
 T - a +9 executioner's axe of holy wrath (weapon)
Missiles
 c - 15 boomerangs of dispersal
 o - 6 atropa-tipped darts
 z - 25 silver javelins
 E - 28 javelins
 G - 44 boomerangs (quivered)
 I - 9 throwing nets
 J - 19 curare-tipped darts
Armour
 g - the +3 Mad Mage's Maulers (melded) {Infuse+∞ RegenMP Int-3}
   (Okawaru gifted it to you on level 1 of the Spider Nest)

   It empowers its wearer's blows with all of their magic.
   It causes its wearer's magical reserves to regenerate more quickly.
   Int:       It affects your intelligence (-3).
 N - the +11 chain mail "Madghetze" (melded) {Regen+ Stlth+}
   (Okawaru gifted it to you on level 3 of the Lair of Beasts)

   Regen:     It increases your rate of health regeneration.
   Stlth:     It makes you more stealthy.
 O - a +2 cloak of willpower (melded)
 W - the +0 tower shield "Muateadymp" (worn) {Harm *Slow Will++ Regen+}
   (Okawaru gifted it to you on level 5 of the Realm of Zot)

   Regen:     It increases your rate of health regeneration.
   *Slow:     It may slow you when you take damage.
   Harm:      It increases damage dealt and taken.
   Will:      It greatly increases your willpower.
 X - the +3 pair of boots of Free Will (melded) {rF+ rCorr MP+9}
   (Okawaru gifted it to you on level 5 of the Vaults)

   rF:        It protects you from fire.
   MP:        It affects your magic capacity (+9).
   rCorr:     It protects you from acid and corrosion.
Jewellery
 s - the ring of Geojo (left branch) {Slay+4 SInv}
   (You found it on level 5 of the Lair of Beasts)

   [ring of slaying]

   Slay:      It affects your accuracy & damage with ranged weapons and melee
   (+4).
   SInv:      It lets you see invisible.
 t - the ring "Mykikhlulu" (right branch) {*Slow +Blink rElec rPois Int-2}
   (You found it on level 5 of the Vaults)

   [ring of poison resistance]

   Int:       It affects your intelligence (-2).
   rElec:     It insulates you from electricity.
   rPois:     It protects you from poison.
   +Blink:    It lets you blink.
   *Slow:     It may slow you when you take damage.
 v - the amulet of Teugar (around neck) {Reflect Drain rF++ rN+ Int+3 SH+5}
   (You found it in the Desolation of Salt)

   [amulet of reflection]

   It reflects blocked missile attacks.
   Int:       It affects your intelligence (+3).
   rF:        It greatly protects you from fire.
   rN:        It protects you from negative energy.
   Drain:     It drains your maximum health when unequipped.
   SH:        It affects your SH (+5).
Wands
 l - a wand of polymorph (14)
 H - a wand of roots (43)
 K - a wand of mindburst (14)
 Q - a wand of flame (111)
 R - a wand of paralysis (38)
 S - a wand of quicksilver (33)
 U - a wand of digging (11)
Scrolls
 p - 14 scrolls of fear
 q - 9 scrolls of magic mapping
 r - 2 scrolls of silence {!r}
 y - 35 scrolls of identify
 C - 9 scrolls of vulnerability
 F - 7 scrolls of poison
 P - a scroll of immolation
Potions
 d - 8 potions of heal wounds
 f - a potion of mutation {!q}
 h - 31 potions of curing
 i - 10 potions of magic
 j - 6 potions of lignification {!q}
 k - 9 potions of cancellation
 m - a potion of brilliance
 n - 14 potions of might
 A - a potion of resistance
 D - 13 potions of ambrosia
Miscellaneous
 u - a tin of tremorstones (2/2)
 w - a condenser vane
 x - a box of beasts
 L - a phial of floods
 M - a piece from Xom's chessboard (15/15)
 Y - a lightning rod (4/4)


   Skills:
 + Level 21.0 Fighting
 - Level 24.0 Axes
 + Level 19.9 Throwing
 + Level 21.0 Armour
 + Level 18.0 Dodging
 - Level 21.0 Shields
 - Level 5.0 Spellcasting
 * Level 19.9 Translocations
 - Level 16.0 Invocations
 - Level 15.0 Evocations


You had 6 spell levels left.
You knew the following spells:

 Your Spells              Type           Power      Damage    Failure   Level
a - Apportation           Tloc           100%       N/A       0%          1
b - Lesser Beckoning      Tloc           59%        N/A       1%          3
c - Manifold Assault      Tloc           59%        N/A       1%          5
d - Teleport Other        Tloc           59%        N/A       1%          3
e - Dispersal             Tloc           29%        N/A       1%          6
f - Disjunction           Tloc           29%        N/A       43%         8
P - Passage of Golubria   Tloc           59%        N/A       1%          4

Your spell library contained the following spells:

 Spells                   Type           Power      Damage    Failure   Level
 Gell's Gravitas          Tloc           59%        N/A       1%          3
 Portal Projectile        Hex/Tloc       66%        N/A       1%          3
 Iskenderun's Mystic Bla  Conj/Tloc      33%        2d8       4%          4
 Summon Forest            Summ/Tloc      16%        N/A       12%         5
 Beastly Appendage        Tmut           6%         N/A       26%         1
 Foxfire                  Conj/Fire      12%        2x1d4     26%         1
 Freeze                   Ice            12%        1d4       26%         1
 Magic Dart               Conj           12%        1d3       26%         1
 Necrotise                Necr           12%        1d4       26%         1
 Sandblast                Erth           6%         2d5       26%         1
 Shock                    Conj/Air       12%        1d3       26%         1
 Sting                    Tmut/Pois      12%        1d3       26%         1
 Summon Small Mammal      Summ           12%        N/A       26%         1
 Call Imp                 Summ           3%         N/A       36%         2
 Ensorcelled Hibernation  Hex/Ice        6%         N/A       36%         2
 Passwall                 Tmut/Erth      2%         N/A       36%         2
 Poisonous Vapours        Pois/Air       6%         N/A       36%         2
 Scorch                   Fire           6%         2d5       36%         2
 Static Discharge         Conj/Air       3%         3-4/arc   36%         2
 Sublimation of Blood     Necr           3%         N/A       36%         2
 Wereblood                Tmut           3%         N/A       36%         2
 Call Canine Familiar     Summ           3%         N/A       61%         3
 Confusing Touch          Hex            3%         N/A       61%         3
 Conjure Flame            Conj/Fire      3%         6-21      61%         3
 Frozen Ramparts          Ice            6%         1d1       61%         3
 Mephitic Cloud           Conj/Pois/Air  3%         N/A       61%         3
 Spider Form              Tmut/Pois      3%         N/A       61%         3
 Stone Arrow              Conj/Erth      6%         3d7       61%         3
 Tukima's Dance           Hex            3%         N/A       61%         3
 Vampiric Draining        Necr           3%         2d6       61%         3
 Airstrike                Air            1%         2d(1-17)  95%         4
 Anguish                  Hex/Necr       1%         N/A       95%         4
 Animate Armour           Summ/Erth      6%         N/A       95%         4
 Animate Dead             Necr           3%         N/A       95%         4
 Cause Fear               Hex            1%         N/A       95%         4
 Corpse Rot               Necr/Pois/Air  3%         N/A       95%         4
 Dispel Undead            Necr           3%         3d7       95%         4
 Flame Wave               Conj/Fire      3%         2d5       95%         4
 Fulminant Prism          Conj/Hex       1%         3d6       95%         4
 Hailstorm                Conj/Ice       3%         3d3       95%         4
 Ice Form                 Ice/Tmut       3%         N/A       95%         4
 Leda's Liquefaction      Hex/Erth       1%         N/A       95%         4
 Olgreb's Toxic Radiance  Pois           3%         N/A       95%         4
 Petrify                  Tmut/Erth      3%         N/A       95%         4
 Sticky Flame             Conj/Fire      3%         2d3       95%         4
 Summon Ice Beast         Ice/Summ       3%         N/A       95%         4
 Summon Lightning Spire   Summ/Air       3%         N/A       95%         4
 Alistair's Intoxication  Tmut/Pois      2%         N/A       100%        5
 Blade Hands              Tmut           1%         N/A       100%        5
 Borgnjor's Vile Clutch   Necr/Erth      1%         N/A       100%        5
 Freezing Cloud           Conj/Ice/Air   1%         6-21      100%        5
 Lee's Rapid Deconstruct  Erth           1%         3d5*      100%        5
 Lightning Bolt           Conj/Air       1%         1d12      100%        5
 Silence                  Hex/Air        1%         N/A       100%        5
 Summon Mana Viper        Hex/Summ       3%         N/A       100%        5
 Yara's Violent Unravell  Hex/Tmut       1%         3d3       100%        5
 Conjure Ball Lightning   Conj/Air       1%         3x3d6     100%        6
 Death Channel            Necr           1%         N/A       100%        6
 Eringya's Noxious Bog    Tmut/Pois      1%         N/A       100%        6
 Iron Shot                Conj/Erth      1%         9d1       100%        6
 Simulacrum               Ice/Necr       1%         N/A       100%        6
 Statue Form              Tmut/Erth      2%         N/A       100%        6
 Summon Cactus Giant      Summ           1%         N/A       100%        6
 Malign Gateway           Summ/Tloc      16%        N/A       98%         7
 Dragon Form              Tmut           1%         N/A       100%        7
 Enfeeble                 Hex            1%         N/A       100%        7
 Haunt                    Necr/Summ      1%         N/A       100%        7
 Storm Form               Tmut/Air       1%         N/A       100%        7
 Summon Hydra             Summ           1%         N/A       100%        7
 Borgnjor's Revivificati  Necr           1%         N/A       100%        8
 Discord                  Hex            1%         N/A       100%        8
 Infestation              Necr           1%         N/A       100%        8
 Lehudib's Crystal Spear  Conj/Erth      1%         10d2      100%        8
 Necromutation            Tmut/Necr      1%         N/A       100%        8
 Death's Door             Necr           1%         N/A       100%        9
 Dragon's Call            Summ           1%         N/A       100%        9
 Polar Vortex             Ice            1%         N/A       100%        9
 Shatter                  Erth           1%         3d6*      100%        9
 Blink                    Tloc           Unusable   N/A       N/A         2
 Swiftness                Air            Unusable   N/A       N/A         3

Dungeon Overview and Level Annotations

Branches:
Dungeon (15/15)            Temple (1/1) D:4            Lair (5/5) D:10
 Shoals (4/4) Lair:3       Spider (4/4) Lair:3        Slime (5/5) Lair:5
    Orc (2/2) D:9             Elf (3/3) Orc:2        Vaults (5/5) D:13
  Crypt (3/3) Vaults:3       Tomb (1/3) Crypt:3      Depths (4/4) D:15
   Hell (visited)             Dis (0/7) Hell            Geh (0/7) Hell
    Coc (0/7) Hell            Tar (0/7) Hell            Zot (5/5) Depths:4
Volcano (visited)         Desolation (visited)

Altars:
Ashenzari
Cheibriados
Dithmenos
Elyvilon
Fedhas
Gozag
Hepliaklqana
Kikubaaqudgha
Makhleb
Nemelex Xobeh
Okawaru
Qazlal
Sif Muna
Uskayaw
Wu Jian
Xom
Yredelemnul
Zin
The Shining One
Jiyva

Shops:
Orc:2 ***!(:   Elf:1 [   Elf:2 :   Shoals:1 :   Shoals:2 ([**[   Shoals:3 (
Vaults:1 [:   Vaults:2 =

Portals:
Hell: Depths:1 Depths:2 Depths:3 Depths:4
Abyss: Depths:1 Depths:3
Pandemonium: Depths:1 Depths:2 Depths:4
Ziggurat: Depths:3


Innate Abilities, Weirdness & Mutations

You are a tree.
Your roots penetrate the ground, keeping you stationary.
You cannot be teleported.
You are immune to unholy pain and torment.
Your maximum health is greatly increased.
Your equipment is partially melded.
You cannot be hasted, slowed, berserked, paralysed or teleported.
You can dig through walls and to a lower floor.
((You have a pair of large antennae on your head. (SInv)))
Your four strong arms can wield two-handed weapons with a shield.
You are clumsy. (Dex -2)
Potions are less effective at restoring your health.


Message History

You slice the royal mummy!!
The royal mummy convulses!!!
You destroy the royal mummy!
The Shining One accepts your kill.
You feel better.
You feel your power returning.
The death scarab disappears in a puff of smoke! x2
The emperor scorpion disappears in a puff of smoke! x4
The death scarab disappears in a puff of smoke! x6
You hit the royal mummy.
The royal mummy convulses.
You slash the death scarab!
The death scarab convulses.
You feel extremely nervous for a moment...
You are engulfed in negative energy!
You resist. You block the death scarab's attack. The death scarab bites you!
* * * LOW HITPOINT WARNING * * *
The death scarab bites you but does no damage.
You block the death scarab's attack.
Unknown command.
Your system partially rejects the healing.
You feel much better.
The death scarab's many legs skitter faintly.
You block the death scarab's attack. The death scarab bites you!
* * * LOW HITPOINT WARNING * * *
The death scarab drains your vigour!
Your stasis prevents you from being slowed.
You block the death scarab's attack. The death scarab bites you!
* * * LOW HITPOINT WARNING * * *
The death scarab drains your vigour!
Your stasis prevents you from being slowed.
You block the death scarab's attack.
The royal mummy casts a spell.
You block the death scarab's attack. x2
The death scarab waves its antennae.
Unknown command.
Your system partially rejects the healing.
You feel much better. The death scarab bites you!
* * * LOW HITPOINT WARNING * * *
The death scarab drains your vigour!
Your stasis prevents you from being slowed.
The death scarab waves its antennae.
You block the death scarab's attack. x2; The death scarab bites you!
You die...

#.8...8.# #. #....M..# #.
#..─*...# { #. { #.8...8.# { #.
#.......# {{ { {{ #. #......{# {{
#. #.8...8.# #.
#######.....Mz##################†
............§MsM♣BB..............
........8...8§§BBB§..............
.............§B.BB§..............
...............§§................
.............§§..................
)........⌠.⌠§....................
.................................
...........................(.....
.................................


You could see a royal mummy, an emperor scorpion (summoned), a revenant, 2
guardian mummies and 8 death scarabs.

Vanquished Creatures
  the Royal Jelly (Slime:5)
  5 dread liches
  5 orbs of fire
  Khufu (Crypt:3)
  5 ancient liches
  Mennas (Vaults:3)
  A juggernaut (Depths:4)
  4 royal mummies
  Vv (Zot:3)
  4 Killer Klowns
  Xtahua (Crypt:2)
  Frederick (Vaults:5)
  Bai Suzhen (Spider:4)
  5 caustic shrikes (Depths:4)
  A curse toe (Zot:4)
  Geryon (Hell)
  9 golden dragons
  the Enchantress (Depths:1)
  Nikola (Spider:4)
  A Tzitzimitl (Depths:4)
  Arachne (Spider:4)
  4 electric golems
  4 doom hounds
  An iron giant (Depths:3)
  3 bone dragons
  2 shard shrike zombies (Crypt:2)
  22 tentacled monstrosities
  Jorgrun (D:15)
  The ghost of gargbit the Transmogrifier, an adept OpSu of Gozag (Elf:1)
  6 liches
  2 deep elf master archers
  Asterion (Vaults:2)
  9 titans
  4 deep elf blademasters
  25 Orb Guardians (Zot:5)
  Murray (Depths:4)
  17 acid blobs
  5 quicksilver dragons
  12 death cobs
  14 sphinxes
  The ghost of gargbit the Warrior, an adept OpFi of Hepliaklqana (Vaults:1)
  10 ancient champions
  7 shadow dragons
  The ghost of Ubraesch the Brawler, an adept TrMo of Nemelex Xobeh (Depths:3)
  The ghost of Barug the Brawler, an adept TrMo of Nemelex Xobeh (Depths:3)
  The ghost of Zidoge the Brawler, an adept TrMo of Nemelex Xobeh (Depths:3)
  The ghost of thechecker02 the Blocker, an adept GnFi of Cheibriados (Shoals:3)
  Kirke (Shoals:2)
  4 tengu reavers
  Roxanne (Spider:4)
  Ilsuiw (Shoals:1)
  8 draconian monks
  9 azure jellies
  7 draconian knights
  2 revenants
  19 storm dragons
  3 iron dragons
  20 rockslimes
  22 vault wardens
  8 deep elf sorcerers
  A juggernaut zombie (Crypt:1)
  7 ghost moths
  11 fire giants
  An imperial myrmidon (Desolation)
  8 curse skulls
  8 draconian scorchers
  8 emperor scorpions
  2 draconian shifters (Depths:4)
  2 balrugs
  16 frost giants
  8 ghouls
  15 ironbound preservers
  A ghost moth (shapeshifter) (Vaults:5)
  28 very ugly things
  3 deep elf elementalists
  11 quicksilver oozes
  7 draconian annihilators
  12 reapers
  7 draconian stormcallers
  2 angels (Vaults:2)
  8 vampire knights
  2 broodmothers
  2 war gargoyles
  4 caustic shrike skeletons
  5 spriggan defenders
  25 stone giants
  3 juggernaut skeletons (Depths:3)
  7 ironbound thunderhulks
  Nessos (Lair:4)
  8 purple draconians
  14 yellow draconians
  A halazid warlock (Desolation)
  3 putrid mouths (Depths:4)
  3 entropy weavers
  5 black draconians
  7 red draconians
  3 deep elf demonologists (Elf:3)
  17 deep elf annihilators
  8 green draconians
  A spark wasp (shapeshifter) (Depths:2)
  12 white draconians
  3 eidola
  A dire elephant (shapeshifter) (Depths:2)
  5 dire elephants
  3 spark wasps
  An iron golem (Depths:4)
  8 deep elf death magi
  A green death (Depths:4)
  15 merfolk impalers
  12 ettins
  2 blizzard demons (Hell)
  2 crystal guardians (Desolation)
  3 mummy priests (Tomb:1)
  4 merfolk javelineers
  8 ragged hierophants (Desolation)
  9 jiangshi
  8 fire dragons
  A fenstrider witch zombie (Crypt:1)
  9 great orbs of eyes
  23 yaktaur captains
  A quicksilver dragon skeleton (Crypt:3)
  6 deep elf high priests
  A kraken zombie (Hell)
  5 servants of whispers (Desolation)
  5 spriggan zombies
  Harold (Lair:1)
  A rakshasa (Depths:2)
  5 ice dragons
  A great orb of eyes (shapeshifter) (Depths:4)
  10 boulder beetles
  6 spriggan skeletons
  8 ironbound frosthearts
  5 spriggan air magi
  An ogre mage (Vaults:5)
  4 radroaches
  35 vault guards
  4 merfolk avatars
  A jorogumo (Spider:2)
  8 centaur warriors
  3 two-headed ogres (D:9)
  The ghost of minbekrie the Grappler, a novice TrMo of Hepliaklqana (D:9)
  3 Orb Guardian zombies
  10 hydras
  6 peacekeepers
  A hell beast (Hell)
  2 alligator snapping turtles (Shoals:3)
  33 death scarabs (Tomb:1)
  4 merfolk aquamancers
  27 dancing weapons
  2 death knights
  2 satyrs (Shoals:3)
  5 tengu warriors
  8 deep troll earth magi
  12 deep troll shamans
  6 death yaks (Lair:5)
  10 vampire magi
  Urug (Lair:3)
  6 spriggan berserkers
  An Orb Guardian skeleton (Crypt:2)
  A titan zombie (Vaults:2)
  13 hell hogs
  9 hell knights
  6 orc high priests
  9 soul eaters
  3 titan skeletons
  28 deep elf knights
  5 sun demons
  2 sun moths
  A large abomination (Depths:4)
  10 iron trolls
  73 skeletal warriors
  3 storm dragon skeletons
  8 pharaoh ants
  Lodul (D:13)
  54 deep trolls
  2 shadow wraiths
  An anaconda zombie (Hell)
  A goliath frog (Depths:4)
  A shadow demon (Depths:1)
  9 sea snakes
  2 bog bodies (Crypt:1)
  10 steelbarb worms
  19 ironbound convokers
  7 lindwurms
  2 glowing orange brains
  16 phantasmal warriors
  12 wizards
  12 orb spiders
  Pikel (D:5)
  3 golden dragon skeletons
  4 anaconda skeletons
  A spriggan simulacrum (Hell)
  8 flayed ghosts
  19 deep elf archers
  8 harpies
  An orange crystal statue (Elf:2)
  52 deep elf pyromancers
  A jorogumo zombie (Crypt:1)
  17 fauns
  15 necromancers
  6 orc knights
  2 bunyip skeletons
  34 deep elf zephyrmancers
  A shadow dragon skeleton (Depths:3)
  5 shining eyes
  A cyclops (shapeshifter) (Depths:4)
  3 sphinx skeletons (Depths:3)
  4 orc sorcerers
  6 salamanders (Volcano)
  3 tengu skeletons (Depths:3)
  11 manticores
  12 wolf spiders
  An eleionoma zombie (Crypt:1)
  An elephant (shapeshifter) (Vaults:5)
  27 moths of wrath
  A fire giant zombie (Depths:2)
  33 ugly things
  2 dire elephant zombies
  2 iron dragon skeletons
  A frost giant skeleton (Depths:2)
  14 merfolk sirens
  7 cyclopes
  2 guardian serpents (Desolation)
  3 black mambas
  A guardian serpent (shapeshifter) (D:14)
  4 rust devils
  10 elephants
  A stone giant skeleton (Crypt:3)
  A naga mage (D:15)
  An orange demon (Depths:1)
  3 water nymphs
  2 fire giant skeletons (Depths:3)
  14 cane toads
  8 molten gargoyles
  5 torpor snails
  5 smoke demons (Hell)
  A human zombie (Vaults:2)
  4 eyes of devastation
  5 unseen horrors
  A gargoyle (D:8)
  4 dire elephant skeletons
  21 vault sentinels
  An efreet (D:11)
  Maggie (D:8)
  A death yak zombie (Crypt:3)
  A white draconian skeleton (Crypt:3)
  6 naga skeletons
  55 yaktaurs
  A yaktaur (shapeshifter) (Vaults:3)
  A kobold demonologist (D:8)
  4 hellions
  3 centaur skeletons
  2 rime drakes
  11 komodo dragons
  7 demonic crawlers
  6 freezing wraiths
  An anaconda simulacrum (Hell)
  3 tengu conjurers (Depths:1)
  A catoblepas skeleton (Crypt:3)
  8 guardian mummies
  2 hydra zombies (Hell)
  8 wind drakes
  4 harpy zombies (Shoals:3)
  8 trolls
  An ice devil (Hell)
  A meliai (Lair:3)
  39 merfolk
  A hornet (shapeshifter) (Elf:2)
  A meliai (shapeshifter) (D:14)
  43 saltlings (Desolation)
  30 tarantellas
  12 blink frogs
  A harpy skeleton (Crypt:3)
  3 hornets
  A slime creature (shapeshifter) (Depths:4)
  3 hydra skeletons
  12 dream sheep
  5 tyrant leeches (Lair:5)
  94 slime creatures
  9 snapping turtles
  A human simulacrum (Vaults:2)
  18 jumping spiders
  21 flying skulls
  5 ettin skeletons
  21 culicivoras
  3 spriggans
  4 air elementals
  6 wraiths
  A naga simulacrum (Crypt:2)
  A yak (shapeshifter) (D:13)
  A vampire (D:11)
  26 yaks
  4 wyverns
  A black mamba skeleton (Crypt:2)
  A fire elemental (Elf:2)
  A hog (shapeshifter) (D:14)
  27 water elementals
  A basilisk (shapeshifter) (Vaults:5)
  6 hogs (Shoals:2)
  3 basilisks
  A fire bat (shapeshifter) (Vaults:3)
  14 golden eyes
  16 humans (D:13)
  63 redbacks
  26 vampire mosquitoes
  A neqoxec (Depths:1)
  A chaos spawn (Depths:4)
  The ghost of p0werm0de the Sneak, an amateur OpDe (D:3)
  8 wargs
  A harpy simulacrum (Hell)
  A water moccasin (shapeshifter) (Elf:3)
  2 acid dragons
  Duvessa (D:4)
  A hydra simulacrum (Hell)
  2 floating eyes
  A floating eye (shapeshifter) (D:15)
  6 water moccasins
  4 glowing shapeshifter skeletons
  3 ice beasts
  A swamp drake (Orc:1)
  2 manticore zombies (Shoals:3)
  A swamp dragon zombie (Crypt:2)
  44 orc warriors
  2 black bears
  11 ogres
  11 wolves
  3 lemures (D:5)
  A small abomination (Depths:4)
  13 centaurs
  A hog skeleton (Crypt:3)
  2 phantoms
  A kobold brigand (D:8)
  A rime drake skeleton (Crypt:2)
  20 bullfrogs
  A vine stalker zombie (Crypt:3)
  An earth elemental (Elf:3)
  A demonspawn simulacrum (Crypt:1)
  3 gnoll sergeants
  6 necrophages
  2 scorpions
  14 wights
  Dowan (D:4)
  9 killer bees
  5 howler monkeys
  A crimson imp (Orc:1)
  A jelly (D:7)
  A hound (D:4)
  An iron imp (Orc:1)
  34 orc priests
  Crazy Yiuf (D:4)
  27 orc wizards
  5 iguanas
  6 hell rats
  A boggart simulacrum (D:15)
  10 mummies
  4 adders
  7 gnolls
  A shadow imp (Orc:1)
  2 white imps
  2 iguana skeletons
  A worm (D:3)
  74 orcs
  3 ball pythons
  3 endoplasms (D:3)
  A giant cockroach (Depths:4)
  10 goblins
  2 hobgoblins
  6 jackals
  3 quokkas
  A ball python skeleton (Crypt:1)
  2 bats (D:3)
  3 frilled lizards
  10 kobolds
  A kobold zombie (Crypt:2)
  An orc zombie (Crypt:3)
  A rat (D:1)
  A bush (Vaults:1)
  A butterfly (D:8)
  4 tentacles (Hell)
2786 creatures vanquished.

Vanquished Creatures (others)
  An eldritch tentacle (Tomb:1)
  2 deep elf knights
  A sun moth (Spider:2)
  2 deep elf pyromancers
  A manticore (Shoals:4)
  5 tarantellas (Spider:4)
  A jumping spider (Spider:4)
  2 culicivoras (Spider:4)
  4 redbacks
  13 fungi
  85 plants
  A tentacle (Hell)
  2 withered plants (Shoals:3)
120 creatures vanquished.

Grand Total: 2906 creatures vanquished

Notes
Turn   | Place    | Note
-------+----------+-------------------------------------------
     0 | D:1      | mopl the Formicid Warper began the quest for the Orb.
     0 | D:1      | Reached XP level 1. HP: 16/16 MP: 3/3
    63 | D:1      | Reached XP level 2. HP: 15/22 MP: 5/5
   472 | D:1      | Found a faded altar of an unknown god.
   690 | D:1      | Reached skill level 3 in Axes
  1437 | D:3      | Reached XP level 3. HP: 21/27 MP: 6/6
  1452 | D:3      | Noticed an ice beast
  1604 | D:3      | Killed an ice beast
  1605 | D:3      | Reached skill level 5 in Axes
  1605 | D:3      | Reached XP level 4. HP: 6/33 MP: 7/7
  1605 | D:3      | Reached XP level 5. HP: 7/38 MP: 8/8
  2165 | D:3      | Found a runed translucent door.
  2166 | D:3      | Noticed p0werm0de's ghost (amateur OpDe)
  2560 | D:4      | Found a broken altar of Ashenzari.
  2609 | D:4      | Found a staircase to the Ecumenical Temple.
  2623 | D:4      | Noticed Dowan
  2624 | D:4      | Noticed Duvessa
  2626 | Temple   | Entered the Ecumenical Temple
  2664 | Temple   | Became a worshipper of Warmaster Okawaru
  3079 | D:4      | Killed Duvessa
  3080 | D:4      | Reached skill level 6 in Axes
  3080 | D:4      | Reached XP level 6. HP: 20/44 MP: 9/9
  4144 | D:4      | Killed Dowan
  4370 | D:4      | Found a runed translucent door.
  4371 | D:4      | Noticed Crazy Yiuf
  4373 | D:4      | Identified the +5 hammer "Jusegenk" {freeze, rN++ Stlth+}
  4382 | D:4      | Killed Crazy Yiuf
  4795 | D:4      | Reached XP level 7. HP: 50/50 MP: 10/10
  4883 | D:5      | Entered Level 5 of the Dungeon
  4918 | D:5      | Reached skill level 7 in Axes
  4940 | D:5      | Noticed Pikel
  5091 | D:5      | Reached * piety under Okawaru
  5365 | D:5      | Reached skill level 8 in Axes
  5695 | D:5      | Reached XP level 8. HP: 43/56 MP: 11/11
  5831 | D:5      | Reached skill level 9 in Axes
  5851 | D:5      | Reached ** piety under Okawaru
  6301 | D:5      | Killed Pikel
  6302 | D:5      | Reached skill level 10 in Axes
  6302 | D:5      | Reached XP level 9. HP: 32/61 MP: 12/12
  6491 | D:5      | Found a sparkling altar of Nemelex Xobeh.
  6513 | D:6      | Reached *** piety under Okawaru
  6531 | D:6      | Reached skill level 11 in Axes
  6600 | D:6      | Reached skill level 2 in Dodging
  6604 | D:6      | Found a hazy altar of Hepliaklqana.
  6611 | D:6      | Reached skill level 1 in Invocations
  7191 | D:5      | Reached skill level 2 in Armour
  7272 | D:6      | Found a blossoming altar of Fedhas.
  7508 | D:7      | Reached skill level 2 in Invocations
  7511 | D:7      | Reached skill level 3 in Fighting
  7979 | D:7      | Found an opulent altar of Gozag.
  8084 | D:7      | Reached skill level 3 in Armour
  8084 | D:7      | Reached skill level 3 in Dodging
  8084 | D:7      | Reached skill level 3 in Invocations
  8330 | D:8      | Reached **** piety under Okawaru
  8486 | D:8      | Noticed a manticore
  8498 | D:8      | Killed a manticore
  8499 | D:8      | Reached skill level 4 in Fighting
  8499 | D:8      | Reached XP level 10. HP: 14/71 MP: 10/13
  8863 | D:8      | Noticed Maggie
  8871 | D:8      | Killed Maggie
  8872 | D:8      | Reached skill level 12 in Axes
  8872 | D:8      | Reached skill level 4 in Armour
  8872 | D:8      | Reached skill level 4 in Invocations
  9280 | D:8      | Found a shimmering altar of Xom.
  9378 | D:8      | Noticed a gargoyle
  9379 | D:8      | Reached skill level 4 in Dodging
  9394 | D:8      | Killed a gargoyle
  9394 | D:8      | Reached ***** piety under Okawaru
  9394 | D:8      | Noticed a boulder beetle
  9395 | D:8      | Reached skill level 5 in Fighting
  9738 | D:8      | Killed a boulder beetle
  9739 | D:8      | Reached skill level 5 in Armour
  9739 | D:8      | Reached skill level 1 in Shields
  9739 | D:8      | Reached skill level 5 in Invocations
  9952 | D:8      | Identified the ring of Zumug {Ice MP+9 Dex+3}
  9989 | D:8      | Noticed a six-headed hydra
 10000 | D:8      | Killed a six-headed hydra
 10001 | D:8      | Reached skill level 2 in Shields
 10001 | D:8      | Reached XP level 11. HP: 38/80 MP: 12/15
 10461 | D:9      | Reached skill level 6 in Invocations
 10636 | D:9      | Received a gift from Okawaru
 10637 | D:9      | Reached skill level 3 in Shields
 10638 | D:9      | Noticed an eight-headed hydra
 10657 | D:9      | Killed an eight-headed hydra
 10658 | D:9      | Reached skill level 6 in Fighting
 10658 | D:9      | Reached skill level 13 in Axes
 11031 | D:9      | Noticed minbekrie's ghost (novice TrMo)
 11031 | D:9      | Identified the +5 dire flail of Cuam {speed, rCorr}
 11031 | D:9      | Identified the +6 giant spiked club of Abomination {speed,
                  | rF+ Str+3}
 11031 | D:9      | Noticed a two-headed ogre
 11032 | D:9      | Noticed a two-headed ogre
 11034 | D:9      | Noticed a two-headed ogre
 11035 | D:9      | Found a transporter.
 11162 | D:9      | Found a snail-covered altar of Cheibriados.
 11450 | D:9      | Found a transporter.
 11497 | D:9      | Reached skill level 5 in Dodging
 11497 | D:9      | Reached skill level 7 in Invocations
 11537 | D:9      | Found a staircase to the Orcish Mines.
 11644 | D:10     | Entered Level 10 of the Dungeon
 11647 | D:10     | Reached skill level 6 in Armour
 11654 | D:10     | Found a shimmering blue altar of Sif Muna.
 11722 | D:10     | Reached skill level 4 in Shields
 12012 | D:10     | Found a staircase to the Lair.
 12278 | D:10     | Found a stormy altar of Qazlal.
 12495 | D:11     | Reached skill level 8 in Invocations
 12510 | D:11     | Reached XP level 12. HP: 84/89 MP: 18/18
 12529 | D:11     | Reached skill level 5 in Shields
 12647 | D:11     | Received a gift from Okawaru
 12648 | D:11     | Reached skill level 7 in Fighting
 12930 | D:11     | Noticed a boulder beetle
 12950 | D:11     | Killed a boulder beetle
 12950 | D:11     | Received a gift from Okawaru
 12951 | D:11     | Reached skill level 7 in Armour
 13127 | D:11     | Reached skill level 6 in Shields
 13147 | D:11     | You fall into a shaft and drop 2 floors!
 13264 | D:13     | Reached skill level 6 in Dodging
 13266 | D:13     | Reached skill level 14 in Axes
 13920 | D:11     | Identified the amulet "Vocumumeok" {Regen+ Stlth+}
 14115 | D:12     | Reached skill level 7 in Shields
 14244 | D:12     | Identified the +5 quarterstaff "Inwan" {vorpal, Will+}
 14284 | D:12     | Reached skill level 8 in Fighting
 14296 | D:12     | Identified the +4 executioner's axe of Taxation {speed,
                  | Str+2 SInv} (Okawaru gifted it to you on level 12 of the
                  | Dungeon)
 14296 | D:12     | Received a gift from Okawaru
 14297 | D:12     | Reached XP level 13. HP: 98/98 MP: 16/19
 14304 | D:12     | Reached skill level 8 in Armour
 14511 | Lair:1   | Entered Level 1 of the Lair of Beasts
 14552 | Lair:1   | Identified the +8 sling of Integrity {vorpal, +Blink rC+
                  | Dex+5}
 14753 | Lair:1   | Noticed Harold
 14783 | Lair:1   | Killed Harold
 14784 | Lair:1   | Reached skill level 7 in Dodging
 14806 | Lair:1   | Reached skill level 15 in Axes
 14814 | Lair:1   | Reached skill level 8 in Shields
 15116 | Lair:2   | Reached ****** piety under Okawaru
 15951 | Lair:3   | Received a gift from Okawaru
 16001 | Lair:3   | Found a staircase to the Shoals.
 16112 | Lair:3   | Noticed Urug
 16126 | Lair:3   | Killed Urug
 16127 | Lair:3   | Reached skill level 9 in Fighting
 16174 | Lair:3   | Reached skill level 3 in Translocations
 16185 | Lair:3   | Reached skill level 9 in Armour
 16217 | Lair:3   | Found a dark tunnel.
 16226 | Volcano  | Entered a volcano
 16297 | Volcano  | Reached skill level 3 in Spellcasting
 16385 | Volcano  | Reached skill level 9 in Shields
 16397 | Volcano  | Reached XP level 14. HP: 63/108 MP: 18/20
 16482 | Volcano  | Noticed an orb of fire
 16486 | Volcano  | Noticed an orb of fire
 16612 | Lair:3   | Learned a level 5 spell: Manifold Assault
 16724 | Lair:3   | Found a hole to the Spider Nest.
 16731 | Lair:3   | Identified the +11 chain mail "Madghetze" {Regen+ Stlth+}
                  | (Okawaru gifted it to you on level 3 of the Lair of Beasts)
 16731 | Lair:3   | Received a gift from Okawaru
 16798 | Lair:3   | Identified the +1 leather armour of the Armoured One {Harm
                  | rPois rC- Dex+3}
 17301 | Lair:4   | Noticed Nessos
 17315 | Lair:4   | Killed Nessos
 17456 | Lair:4   | Reached skill level 4 in Translocations
 17466 | Lair:4   | Reached skill level 8 in Dodging
 17469 | Lair:4   | Reached skill level 16 in Axes
 18413 | Lair:5   | Entered Level 5 of the Lair of Beasts
 18635 | Lair:5   | Reached skill level 1 in Evocations
 18670 | Lair:5   | Reached skill level 10 in Shields
 18709 | Lair:5   | Found a viscous altar of Jiyva.
 18710 | Lair:5   | Found a staircase to the Slime Pits.
 18810 | Lair:5   | Reached skill level 10 in Fighting
 18815 | Lair:5   | Reached skill level 10 in Armour
 18859 | Lair:5   | Reached skill level 2 in Evocations
 18922 | Lair:5   | Received a gift from Okawaru
 18937 | Lair:5   | Found a hide-covered altar of Uskayaw.
 18938 | Lair:5   | Found an ornate altar of the Wu Jian Council.
 19012 | Lair:5   | Reached XP level 15. HP: 89/115 MP: 18/21
 19016 | Lair:5   | Reached skill level 5 in Translocations
 19028 | Lair:5   | Reached skill level 3 in Evocations
 19146 | Lair:5   | Identified the ring of Geojo {Slay+4 SInv}
 19543 | Orc:1    | Entered Level 1 of the Orcish Mines
 19700 | Orc:2    | Entered Level 2 of the Orcish Mines
 19727 | Orc:2    | Found Omenoyx's Specific Store.
 20261 | Orc:1    | Identified the +1 hat "Mesumm" {rElec rCorr Str-4}
 20442 | Orc:2    | Reached skill level 11 in Shields
 20442 | Orc:2    | Reached skill level 4 in Evocations
 20551 | Orc:2    | Received a gift from Okawaru
 20552 | Orc:2    | Reached skill level 17 in Axes
 20591 | Orc:2    | Reached skill level 9 in Dodging
 20613 | Orc:2    | Found a staircase to the Elven Halls.
 20653 | Orc:2    | Found Hacsan's General Store.
 20659 | Orc:2    | Bought a scroll of magic mapping for 105 gold pieces
 20659 | Orc:2    | Bought 2 scrolls of identify for 56 gold pieces
 20659 | Orc:2    | Bought a scroll of identify for 28 gold pieces
 20659 | Orc:2    | Bought a potion of curing for 42 gold pieces
 20844 | Orc:2    | Found Lifasugiha's Distillery.
 20847 | Orc:2    | Found Bamuc's Antique Weapon Shoppe.
 20848 | Orc:2    | Found Ahetsumy's General Store.
 20849 | Orc:2    | Found Dolemiw's Book Emporium.
 20852 | Orc:2    | Bought a potion of heal wounds for 55 gold pieces
 20852 | Orc:2    | Bought a scroll of identify for 22 gold pieces
 20856 | Orc:2    | Bought a potion of heal wounds for 75 gold pieces
 20856 | Orc:2    | Bought a potion of might for 60 gold pieces
 20856 | Orc:2    | Bought a potion of flight for 45 gold pieces
 20856 | Orc:2    | Bought 2 potions of curing for 90 gold pieces
 20861 | Orc:2    | Identified a scroll of acquirement
 20864 | Orc:2    | Acquired a manual of Shields
 21201 | D:13     | Noticed Lodul
 21212 | D:13     | Killed Lodul
 21554 | D:13     | Received a gift from Okawaru
 21569 | D:13     | Reached skill level 6 in Translocations
 21586 | D:13     | Found a gate to the Vaults.
 21595 | D:13     | Reached skill level 5 in Evocations
 21596 | D:13     | Reached XP level 16. HP: 121/124 MP: 22/22
 21597 | D:13     | Received a gift from Okawaru
 21598 | D:13     | Reached skill level 11 in Armour
 21733 | D:13     | Reached skill level 11 in Fighting
 21829 | D:13     | Reached skill level 9 in Invocations
 21927 | D:14     | Reached skill level 12 in Shields
 22023 | D:14     | Received a gift from Okawaru
 22058 | D:14     | Identified the +10 scale mail of the Stopping Gods {Rampage
                  | Drain rElec Str+5} (Okawaru gifted it to you on level 14 of
                  | the Dungeon)
 22058 | D:14     | Received a gift from Okawaru
 22455 | D:15     | Entered Level 15 of the Dungeon
 22465 | D:15     | Reached skill level 6 in Evocations
 22469 | D:15     | Reached skill level 10 in Invocations
 22521 | D:15     | Reached skill level 13 in Shields
 22584 | D:15     | Noticed Jorgrun
 22606 | D:15     | Killed Jorgrun
 22680 | D:15     | Learned a level 1 spell: Apportation
 22825 | D:15     | Found a staircase to the Depths.
 23159 | Shoals:1 | Entered Level 1 of the Shoals
 23184 | Shoals:1 | Reached skill level 7 in Translocations
 23195 | Shoals:1 | Reached XP level 17. HP: 100/132 MP: 24/24
 23303 | Shoals:1 | Reached skill level 18 in Axes
 23304 | Shoals:1 | Received a gift from Okawaru
 23350 | Shoals:1 | Reached skill level 14 in Shields
 23614 | Shoals:1 | Found Qerax's Book Emporium.
 23619 | Shoals:1 | Identified the ring "Xigiroos" {rPois rC+ rCorr Str-2
                  | Int+3}
 23877 | Shoals:2 | Reached skill level 10 in Dodging
 23889 | Shoals:2 | Noticed Ilsuiw
 23902 | Shoals:1 | Reached skill level 7 in Evocations
 24016 | Shoals:1 | Killed Ilsuiw
 24178 | Shoals:1 | Reached skill level 12 in Armour
 24211 | Shoals:2 | Reached skill level 12 in Fighting
 24238 | Shoals:2 | Received a gift from Okawaru
 24343 | Shoals:2 | Found Gosojas's Visitors' Centre.
 24348 | Shoals:2 | Found Gosojas's Merfolk Weapons.
 24348 | Shoals:2 | Found Gosojas's Merfolk Magic.
 24348 | Shoals:2 | Found Gosojas's Merfolk Armours.
 24351 | Shoals:2 | Bought a potion of flight for 300 gold pieces
 24367 | Shoals:2 | Bought 2 silver javelins for 96 gold pieces
 24367 | Shoals:2 | Bought 4 javelins for 64 gold pieces
 24481 | Shoals:2 | Found Sodiesoi's Armour Shop.
 24771 | Shoals:3 | Noticed Kirke
 24799 | Shoals:3 | Found Zicrax's Antique Weapon Shop.
 24840 | Shoals:3 | Noticed a sphinx
 24847 | Shoals:2 | Killed Kirke
 25101 | Shoals:3 | Reached skill level 15 in Shields
 25102 | Shoals:3 | Received a gift from Okawaru
 25200 | Shoals:3 | Received a gift from Okawaru
 25373 | Shoals:3 | Found a runed translucent door.
 25374 | Shoals:3 | Noticed thechecker02's ghost (adept GnFi)
 25499 | Shoals:3 | Reached XP level 18. HP: 129/141 MP: 23/25
 25675 | Shoals:4 | Entered Level 4 of the Shoals
 25779 | Shoals:4 | Reached skill level 8 in Translocations
 25854 | Shoals:4 | Learned a level 3 spell: Lesser Beckoning
 25916 | Shoals:4 | Reached skill level 8 in Evocations
 25948 | Shoals:4 | Reached skill level 2 in Throwing
 26091 | Shoals:4 | Got the Vellum of Sepulchral Enchantment
 26537 | Shoals:4 | Reached skill level 19 in Axes
 26599 | Shoals:4 | Got a barnacled rune of Zot
 26917 | Shoals:3 | Killed thechecker02's ghost
 27128 | Spider:1 | Entered Level 1 of the Spider Nest
 27229 | Spider:1 | Reached skill level 3 in Throwing
 27464 | Spider:1 | Received a gift from Okawaru
 27464 | Spider:1 | Found the +3 Mad Mage's Maulers {Infuse+∞ RegenMP Int-3}
 28002 | Spider:2 | Reached skill level 11 in Dodging
 28326 | Spider:2 | Reached skill level 13 in Armour
 28338 | Spider:2 | Reached skill level 13 in Fighting
 28351 | Spider:2 | Reached skill level 9 in Evocations
 28412 | Spider:2 | Identified the +1 long sword "Destry" {distort, rC+}
 28584 | Spider:2 | Reached XP level 19. HP: 149/149 MP: 1/26
 28807 | Spider:3 | Reached skill level 4 in Throwing
 29137 | Spider:4 | Entered Level 4 of the Spider Nest
 29137 | Spider:4 | Noticed Nikola
 29154 | Spider:4 | Received a gift from Okawaru
 29173 | Spider:4 | Killed Nikola
 29185 | Spider:4 | Reached skill level 9 in Translocations
 29189 | Spider:4 | Noticed Bai Suzhen
 29219 | Spider:4 | Killed Bai Suzhen
 29467 | Spider:4 | Reached skill level 5 in Throwing
 29528 | Spider:4 | Received a gift from Okawaru
 29671 | Spider:4 | Noticed Arachne
 29693 | Spider:4 | Killed Arachne
 29846 | Spider:4 | Noticed Roxanne
 29943 | Spider:4 | Reached skill level 20 in Axes
 30070 | Spider:4 | Reached skill level 10 in Evocations
 30105 | Spider:4 | Got a gossamer rune of Zot
 30177 | Spider:4 | Killed Roxanne
 30467 | Elf:1    | Entered Level 1 of the Elven Halls
 30553 | Elf:1    | Reached XP level 20. HP: 118/156 MP: 1/27
 30582 | Elf:1    | Identified the +3 broad axe of Articulation {drain, *Slow
                  | Fly rPois rN+} (Okawaru gifted it to you on level 1 of the
                  | Elven Halls)
 30582 | Elf:1    | Received a gift from Okawaru
 30774 | Elf:1    | Found Midgh's Antique Armour Emporium.
 30792 | Elf:1    | Got Asmodeus's Discourse on Battle Magic
 30868 | Elf:1    | Found a runed translucent door.
 30869 | Elf:1    | Noticed gargbit's ghost (adept OpSu)
 31026 | Elf:1    | Reached skill level 6 in Throwing
 31125 | Elf:1    | Reached skill level 16 in Shields
 31592 | Elf:1    | Killed gargbit's ghost
 31593 | Elf:1    | Reached skill level 14 in Fighting
 31593 | Elf:1    | Reached skill level 14 in Armour
 31630 | Elf:2    | Received a gift from Okawaru
 31691 | Elf:2    | Found a runed translucent gate.
 31816 | Elf:2    | Reached skill level 12 in Dodging
 31825 | Elf:2    | Reached skill level 10 in Translocations
 31897 | Elf:2    | Found a runed translucent gate.
 31898 | Elf:2    | Found a runed translucent gate.
 31993 | Elf:2    | Found Lyzudgh's Book Shop.
 32249 | Elf:2    | Received a gift from Okawaru
 32797 | Elf:3    | Entered Level 3 of the Elven Halls
 32907 | Elf:3    | Received a gift from Okawaru
 32908 | Elf:3    | Reached XP level 21. HP: 166/166 MP: 0/28
 32931 | Elf:3    | Reached skill level 7 in Throwing
 33503 | Elf:3    | Received a gift from Okawaru
 33923 | Elf:3    | Identified the amulet "Webuzxu" {Faith Slay+5 SInv}
 34142 | Elf:3    | Reached skill level 21 in Axes
 34304 | Elf:3    | Reached skill level 11 in Evocations
 34501 | Elf:3    | Identified the +0 robe of Cloud Cover {rF+ Int+5}
 34506 | Elf:3    | Received a gift from Okawaru
 34506 | Elf:3    | Found the +10 dark maul {vorpal}
 34526 | Elf:3    | Got Bagur's Quarto of Stony Diablerie
 34606 | Elf:3    | Identified the +6 plate armour of Happiness {Dex+4}
 34763 | Elf:1    | Bought a scorched scale mail for 378 gold pieces
 34763 | Elf:1    | Identified the +2 scale mail of a sewer {Regen+} (You
                  | bought it in a shop on level 1 of the Elven Halls)
 34763 | Elf:1    | Bought a pair of runed boots for 315 gold pieces
 34763 | Elf:1    | Bought a shiny tower shield for 315 gold pieces
 35038 | Depths:1 | Entered Level 1 of the Depths
 35129 | Vaults:1 | Entered Level 1 of the Vaults
 35184 | Vaults:1 | Reached skill level 17 in Shields
 35282 | Vaults:1 | Found Lentanau's Antique Armour Boutique.
 35600 | Vaults:1 | Received a gift from Okawaru
 35676 | Vaults:1 | Found a runed translucent door.
 35679 | Vaults:1 | Noticed gargbit's ghost (adept OpFi)
 35750 | Vaults:1 | Killed gargbit's ghost
 35761 | Vaults:1 | Got the Compendium of the Ground
 35859 | Vaults:1 | Identified the +6 war axe "Vaesomy" {freeze, Stlth+}
                  | (Okawaru gifted it to you on level 1 of the Vaults)
 35859 | Vaults:1 | Received a gift from Okawaru
 36012 | Vaults:1 | Found Haduazu's Book Shoppe.
 36097 | Vaults:1 | Reached XP level 22. HP: 138/174 MP: 1/29
 36569 | D:3      | Killed p0werm0de's ghost
 36576 | D:3      | Identified the +9 dagger "Keaplil" {vamp, +Blink rElec rC+
                  | Str+2}
 36749 | D:9      | Reached skill level 8 in Throwing
 36756 | D:9      | Killed minbekrie's ghost
 36957 | Vaults:2 | Reached skill level 15 in Fighting
 36960 | Vaults:2 | Reached skill level 15 in Armour
 37075 | Vaults:2 | Found Dogy's Jewellery Boutique.
 37088 | Vaults:2 | Identified the +1 pair of gloves of Dutecoox {Int+3}
                  | (Okawaru gifted it to you on level 2 of the Vaults)
 37088 | Vaults:2 | Received a gift from Okawaru
 37094 | Vaults:2 | Reached skill level 11 in Invocations
 37161 | Vaults:2 | Noticed Asterion
 37168 | Vaults:2 | Killed Asterion
 37178 | Vaults:2 | Found a crumbling gateway.
 37180 | Vaults:2 | Found a white marble altar of Elyvilon.
 37180 | Vaults:2 | Found a glowing silver altar of Zin.
 37191 | Vaults:2 | Found a glowing golden altar of the Shining One.
 37197 | Desolati | Entered the Desolation of Salt
 37314 | Desolati | Identified the ring "Ymuqafy" {rC+ Dex+2}
 37322 | Desolati | Identified the amulet of Teugar {Reflect Drain rF++ rN+
                  | Int+3 SH+5}
 37335 | Desolati | Identified the +4 arbalest of Reapportionment {penet,
                  | Int+4}
 37385 | Desolati | Reached skill level 11 in Translocations
 37583 | Desolati | Reached skill level 18 in Shields
 37588 | Desolati | Got Asiqyime's Grimoire of Kinetic Misery
 37591 | Desolati | Identified the +0 ring mail of Elyvilon's Supremacy
                  | {Will++}
 37669 | Desolati | Identified the +0 robe of Cirghir {rCorr}
 37680 | Desolati | Got the Quarto of Flinty Maleficent Magic
 37685 | Desolati | Got the Essays on Forms and the Black Widow
 37689 | Desolati | Got the Tome of Beguiling and Gloom
 37699 | Desolati | Learned a level 3 spell: Teleport Other
 37706 | Desolati | Learned a level 6 spell: Dispersal
 37715 | Desolati | Learned a level 8 spell: Disjunction
 38112 | Vaults:2 | Reached skill level 13 in Dodging
 38158 | Vaults:2 | Reached skill level 12 in Invocations
 38437 | Vaults:2 | Reached skill level 12 in Evocations
 38600 | Vaults:2 | Identified the +1 scale mail "Reicysop" {rElec MP+9}
                  | (Okawaru gifted it to you on level 2 of the Vaults)
 38600 | Vaults:2 | Received a gift from Okawaru
 38689 | Vaults:3 | Reached XP level 23. HP: 177/182 MP: 1/32
 38887 | Vaults:3 | Identified the +0 helmet of the Centipede {rCorr Stlth+}
 38927 | Vaults:3 | Reached skill level 9 in Throwing
 38948 | Vaults:3 | Reached skill level 22 in Axes
 38972 | Vaults:3 | Found a staircase to the Crypt.
 39583 | Vaults:3 | Noticed Mennas
 39621 | Vaults:3 | Killed Mennas
 39622 | Vaults:3 | Reached skill level 19 in Shields
 39735 | Vaults:3 | Got the Grimoire of Moulding and Superposition
 39845 | Vaults:3 | Identified the +1 ring mail of Omission {rCorr Str+2}
 40028 | Vaults:3 | Received a gift from Okawaru
 40242 | Vaults:4 | Reached skill level 13 in Invocations
 40716 | Vaults:4 | Identified the +3 ring mail "Loywelea" {Will+ Str+6}
                  | (Okawaru gifted it to you on level 4 of the Vaults)
 40716 | Vaults:4 | Received a gift from Okawaru
 40881 | Vaults:4 | Reached XP level 24. HP: 191/191 MP: 32/32
 40884 | Vaults:4 | Reached skill level 10 in Throwing
 40886 | Vaults:4 | Reached skill level 16 in Armour
 40979 | Vaults:5 | Entered Level 5 of the Vaults
 40992 | Vaults:4 | Reached skill level 16 in Fighting
 41222 | Vaults:5 | Reached skill level 12 in Translocations
 41247 | Vaults:4 | Reached skill level 13 in Evocations
 41433 | Vaults:5 | Noticed Frederick
 41440 | Vaults:5 | Killed Frederick
 41546 | Vaults:5 | Got a silver rune of Zot
 41660 | Vaults:5 | Identified the +3 pair of boots of Free Will {rF+ rCorr
                  | MP+9} (Okawaru gifted it to you on level 5 of the Vaults)
 41660 | Vaults:5 | Received a gift from Okawaru
 41777 | Vaults:5 | Reached skill level 20 in Shields
 41779 | Vaults:5 | Reached skill level 11 in Throwing
 41901 | Vaults:5 | Identified the +11 halberd "Uretwi" {freeze, Fragile rN+
                  | Will+ Int+2}
 42263 | Vaults:5 | Reached skill level 14 in Dodging
 42428 | Vaults:5 | Reached skill level 23 in Axes
 42428 | Vaults:5 | Reached XP level 25. HP: 110/199 MP: 1/33
 42446 | Vaults:5 | Identified the +4 longbow of Otaen Meife {venom, Str+2
                  | Stlth+}
 42462 | Vaults:5 | Identified the ring "Mykikhlulu" {*Slow +Blink rElec rPois
                  | Int-2}
 43399 | Depths:1 | Found a one-way gate to the infinite horrors of the Abyss.
 43576 | Depths:1 | Found a one-way gate leading to the halls of Pandemonium.
 43818 | Depths:1 | You are sucked into a shaft and drop 1 floor!
 43896 | Depths:2 | Reached skill level 14 in Invocations
 43903 | Depths:2 | Reached skill level 12 in Throwing
 43903 | Depths:2 | Identified the +1 pair of gloves of Facuci {Contam Will-
                  | Regen+ Str+9} (Okawaru gifted it to you on level 2 of the
                  | Depths)
 43903 | Depths:2 | Received a gift from Okawaru
 44255 | Depths:1 | Found a gateway to Hell.
 44334 | Depths:1 | Noticed the Enchantress
 44339 | Depths:1 | Killed the Enchantress
 44857 | Depths:2 | Found a shimmering blue altar of Sif Muna.
 44965 | Depths:3 | Reached skill level 14 in Evocations
 44971 | Depths:3 | Found a one-way gateway to a ziggurat.
 45075 | Depths:3 | Reached skill level 17 in Armour
 45089 | Depths:3 | Reached skill level 13 in Translocations
 45089 | Depths:3 | Reached XP level 26. HP: 200/207 MP: 0/33
 45229 | Depths:3 | Found Zin's Purification Station.
 45230 | Depths:3 | Found a glowing silver altar of Zin.
 45237 | Depths:3 | Bought a potion of curing for 90 gold pieces
 45290 | Depths:3 | Reached skill level 17 in Fighting
 45372 | Depths:3 | Received a gift from Okawaru
 45489 | Depths:3 | Identified the +4 war axe "Yxteisiz" {elec, rElec} (Okawaru
                  | gifted it to you on level 3 of the Depths)
 45489 | Depths:3 | Received a gift from Okawaru
 45680 | Depths:3 | Identified the +6 plate armour of the Orcish Mines {Rampage
                  | rF+}
 45754 | Depths:3 | Found a runed translucent door.
 45756 | Depths:3 | Noticed Zidoge's ghost (adept TrMo)
 45767 | Depths:3 | Reached skill level 13 in Throwing
 45774 | Depths:3 | Killed Zidoge's ghost
 45782 | Depths:3 | Found a runed translucent door.
 45782 | Depths:3 | Noticed Barug's ghost (adept TrMo)
 45804 | Depths:3 | Killed Barug's ghost
 45810 | Depths:3 | Found a runed translucent door.
 45810 | Depths:3 | Noticed Ubraesch's ghost (adept TrMo)
 45846 | Depths:3 | Killed Ubraesch's ghost
 45863 | Depths:3 | Identified the amulet of Ypnisugu {Spirit Dex+5}
 45944 | Depths:4 | Entered Level 4 of the Depths
 45944 | Depths:4 | Noticed a juggernaut
 45951 | Depths:4 | Killed a juggernaut
 46016 | Depths:4 | Received a gift from Okawaru
 46175 | Depths:4 | Reached skill level 15 in Invocations
 46206 | Depths:4 | Found a gate to the Realm of Zot.
 46691 | Depths:4 | Reached skill level 24 in Axes
 46710 | Depths:4 | Found a runed translucent gate.
 46710 | Depths:4 | Found a runed translucent gate.
 46710 | Depths:4 | Found a runed translucent gate.
 46825 | Depths:4 | Acquired a +2 vampiric executioner's axe
 46826 | Depths:4 | Acquired a +0 crystal plate armour
 47283 | Crypt:1  | Entered Level 1 of the Crypt
 47335 | Crypt:1  | Reached XP level 27. HP: 154/215 MP: 1/34
 47655 | Slime:1  | Entered Level 1 of the Pits of Slime
 47664 | Slime:1  | Gained mutation: You are dopey. (Int -2) [a shining eye]
 47688 | Slime:1  | Reached skill level 14 in Translocations
 47692 | Slime:1  | Reached skill level 21 in Shields
 47708 | Slime:1  | Received a gift from Okawaru
 47805 | Slime:2  | Reached skill level 14 in Throwing
 47808 | Slime:2  | Reached skill level 15 in Dodging
 47895 | Slime:3  | Lost mutation: You are dopey. (Int -2) [a shining eye]
 48035 | Slime:5  | Entered Level 5 of the Pits of Slime
 48083 | Slime:5  | Received a gift from Okawaru
 48143 | Slime:5  | Reached skill level 15 in Evocations
 48236 | Slime:5  | Found a viscous altar of Jiyva.
 48348 | Slime:5  | Noticed the Royal Jelly
 48367 | Slime:5  | Killed the Royal Jelly
 48528 | Slime:5  | Identified the +5 dagger of the Shining Light {speed,
                  | Dex+2}
 48541 | Slime:5  | Identified the ring of Qatyito {rPois rF+ Will- Int+4
                  | Dex+6}
 48577 | Slime:5  | Got the Encyclopedia of Ignition and Blasts
 48638 | Slime:5  | Got a slimy rune of Zot
 48661 | Slime:5  | Identified the +1 robe of Feasting {Str+4}
 49090 | Zot:1    | Entered Level 1 of the Realm of Zot
 49285 | Zot:1    | Reached skill level 4 in Spellcasting
 49288 | Zot:1    | Reached skill level 16 in Invocations
 49418 | Zot:1    | Identified the +1 robe of the Modern Beasts {-Cast rCorr
                  | Str+7 SInv}
 49460 | Zot:1    | Reached skill level 18 in Armour
 49517 | Zot:1    | Received a gift from Okawaru
 49544 | Zot:1    | Reached skill level 18 in Fighting
 49593 | Zot:1    | You are sucked into a shaft and drop 1 floor!
 49624 | Zot:2    | Reached skill level 15 in Throwing
 49637 | Zot:2    | Reached skill level 15 in Translocations
 49645 | Zot:2    | Noticed a Killer Klown
 49656 | Zot:2    | Killed a Killer Klown
 49947 | Zot:1    | Noticed an orb of fire
 49952 | Zot:1    | Killed an orb of fire
 49953 | Zot:1    | Reached skill level 5 in Spellcasting
 50105 | Zot:1    | Received a gift from Okawaru
 50471 | Zot:2    | Received a gift from Okawaru
 51026 | Zot:3    | Identified the +7 great mace of Prudence {vamp, Dex+2 SInv}
 51153 | Zot:3    | Noticed Vv
 51174 | Zot:3    | Killed Vv
 51174 | Zot:3    | Received a gift from Okawaru
 51340 | Zot:3    | Noticed an orb of fire
 51352 | Zot:3    | Killed an orb of fire
 51353 | Zot:3    | Reached skill level 16 in Throwing
 51397 | Zot:3    | Identified the +0 helmet of Tuadwama {+Blink rF+}
 51463 | Zot:3    | Received a gift from Okawaru
 51967 | Zot:4    | Received a gift from Okawaru
 51968 | Zot:4    | Noticed an orb of fire
 51974 | Zot:4    | Gained mutation: You are clumsy. (Dex -2) [an orb of fire]
 51982 | Zot:4    | Killed an orb of fire
 51990 | Zot:4    | Reached skill level 16 in Translocations
 52131 | Zot:4    | Reached skill level 16 in Dodging
 52134 | Zot:4    | Received a gift from Okawaru
 52919 | Zot:4    | Learned a level 4 spell: Passage of Golubria
 52922 | Zot:5    | Entered Level 5 of the Realm of Zot
 52955 | Zot:5    | Identified the +0 tower shield "Muateadymp" {Harm *Slow
                  | Will++ Regen+} (Okawaru gifted it to you on level 5 of the
                  | Realm of Zot)
 52955 | Zot:5    | Received a gift from Okawaru
 53226 | Zot:5    | Noticed a Killer Klown
 53247 | Zot:5    | Killed a Killer Klown
 53340 | Zot:5    | Reached skill level 19 in Armour
 53340 | Zot:5    | Noticed an orb of fire
 53342 | Zot:5    | Noticed an orb of fire
 53346 | Zot:5    | Killed an orb of fire
 53347 | Zot:5    | Reached skill level 19 in Fighting
 53354 | Zot:5    | Reached skill level 17 in Throwing
 53354 | Zot:5    | Noticed a dread lich
 53356 | Zot:5    | Gained mutation: Potions are less effective at restoring
                  | your health. [an orb of fire]
 53357 | Zot:5    | Killed an orb of fire
 53359 | Zot:5    | Noticed an ancient lich
 53362 | Zot:5    | Noticed an ancient lich
 53370 | Zot:5    | Noticed a Killer Klown
 53371 | Zot:5    | Killed an ancient lich
 53372 | Zot:5    | Killed an ancient lich
 53376 | Zot:5    | Noticed a dread lich
 53379 | Zot:5    | Noticed an ancient lich
 53381 | Zot:5    | Noticed an ancient lich
 53386 | Zot:5    | Killed a dread lich
 53386 | Zot:5    | Received a gift from Okawaru
 53389 | Zot:5    | Killed a Killer Klown
 53396 | Zot:4    | Killed a dread lich
 53404 | Zot:4    | Killed an ancient lich
 53404 | Zot:4    | Identified the +3 halberd "Ogreslayer" {vorpal, Drain rPois
                  | rCorr Str+2} (Okawaru gifted it to you on level 4 of the
                  | Realm of Zot)
 53404 | Zot:4    | Received a gift from Okawaru
 53407 | Zot:5    | Noticed a dread lich
 53415 | Zot:5    | Killed an ancient lich
 53416 | Zot:5    | Reached skill level 17 in Translocations
 53431 | Zot:5    | Killed a dread lich
 53567 | Zot:5    | Noticed a dread lich
 53575 | Zot:5    | Killed a dread lich
 53674 | Zot:5    | Noticed a Killer Klown
 53692 | Zot:5    | Killed a Killer Klown
 53763 | Zot:5    | Received a gift from Okawaru
 53777 | Zot:5    | Noticed a dread lich
 53788 | Zot:5    | Killed a dread lich
 53804 | Zot:5    | Reached skill level 18 in Throwing
 53887 | Zot:5    | Identified the -2 cloak "Xeuwk" {rCorr Dex+3} (Okawaru
                  | gifted it to you on level 5 of the Realm of Zot)
 53887 | Zot:5    | Received a gift from Okawaru
 54153 | Hell     | Entered the Vestibule of Hell
 54153 | Hell     | Noticed Geryon
 54162 | Hell     | Killed Geryon
 54165 | Hell     | Noticed Murray
 54387 | Depths:4 | Killed Murray
 54763 | Hell     | Reached skill level 18 in Translocations
 54769 | Hell     | Reached skill level 17 in Dodging
 54804 | Hell     | Found a gateway to the freezing wastes of Cocytus.
 54902 | Hell     | Found a gateway to the Iron City of Dis.
 55033 | Hell     | Found a gateway to the decaying netherworld of Tartarus.
 55146 | Hell     | Found a gateway to the ashen valley of Gehenna.
 55541 | Vaults:2 | Fell from the grace of Okawaru
 55541 | Vaults:2 | Became a worshipper of the Shining One
 55675 | Crypt:1  | Reached * piety under the Shining One
 55777 | Crypt:1  | Reached skill level 20 in Armour
 55807 | Crypt:1  | Reached ** piety under the Shining One
 55844 | Crypt:1  | Identified the +2 robe of the Saviour {rN+}
 55872 | Crypt:1  | Reached skill level 20 in Fighting
 55992 | Crypt:1  | Reached *** piety under the Shining One
 56046 | Crypt:1  | Found an ancient bone altar of Kikubaaqudgha.
 56104 | Crypt:1  | You are sucked into a shaft and drop 1 floor!
 56106 | Crypt:2  | Reached skill level 19 in Throwing
 56233 | Crypt:1  | Reached **** piety under the Shining One
 56546 | Crypt:2  | Reached ***** piety under the Shining One
 57190 | Crypt:3  | Entered Level 3 of the Crypt
 57190 | Crypt:3  | Reached ****** piety under the Shining One
 57536 | Crypt:3  | Noticed Xtahua
 57536 | Crypt:3  | Noticed a royal mummy
 57582 | Crypt:2  | Killed Xtahua
 57586 | Crypt:2  | Killed a royal mummy
 57738 | Crypt:3  | Reached skill level 19 in Translocations
 57819 | Crypt:3  | Found a staircase to the Tomb.
 58071 | Crypt:3  | Noticed a royal mummy
 58083 | Crypt:3  | Killed a royal mummy
 58157 | Crypt:3  | Noticed Khufu
 58168 | Crypt:3  | Killed Khufu
 58276 | Crypt:3  | Found an ancient bone altar of Kikubaaqudgha.
 58674 | Crypt:3  | Noticed an ancient lich
 58690 | Crypt:3  | Killed an ancient lich
 58737 | Crypt:3  | Got the Opusculum on Wicked Mysteries
 58872 | Tomb:1   | Entered Level 1 of the Tomb of the Ancients
 59325 | Lair:1   | Identified a +3 executioner's axe of holy wrath (a +1
                  | executioner's axe of electrocution blessed by the Shining
                  | One)
 59325 | Lair:1   | Received a gift from the Shining One
 59880 | Tomb:1   | Noticed a royal mummy
 59896 | Tomb:1   | Reached skill level 18 in Dodging
 59897 | Tomb:1   | Reached skill level 21 in Armour
 59901 | Tomb:1   | Reached skill level 21 in Fighting
 59902 | Tomb:1   | Noticed a royal mummy
 59902 | Tomb:1   | Noticed a royal mummy
 59906 | Tomb:1   | Killed a royal mummy
 59911 | Tomb:1   | HP: 16/342 [royal mummy/divine providence (12)]
 59917 | Tomb:1   | HP: 12/342 [emperor scorpion[a royal mummy] (8)]
 59920 | Tomb:1   | Killed a royal mummy
 59921 | Tomb:1   | HP: 1/342 [death scarab[a royal mummy] (16)]
 59922 | Tomb:1   | Demolished by a death scarab

Illustrated notes

Levels and vault maps discovered:
D:1:      shiori_shiawase, layout_basic, hellmonk_ecumenical_altar_run_dry,
          minmay_split_cup_small
D:2:      layout_rooms
D:3:      layout_loops_ring, ebering_ghost_inner_flame
D:4:      minmay_door_path, layout_rooms, old_standard_altar, temple_pool_b,
          uniq_crazy_yiuf_cottage, uniq_duvessa
D:5:      layout_loops_cross, nemelex_diamond_rough_becter,
          hangedman_decor_clover_reticule, minmay_misc_feat_encased,
          nicolae_figureground_sparkle, uniq_pikel
D:6:      layout_loops_corners, nicolae_hepliaklqana_hazy_memory,
          fedhas_ov_isle_minmay
D:7:      layout_loops_cross, grunt_gozag_breadcrumbs, the_hattery
D:8:      layout_basic, xom_butterflies, amcnicky_mini_rare_corridor_liquid,
          chequers_arboretum, minmay_manual_moon, uniq_maggie
D:9:      minmay_general_purpose_star, layout_small_grid,
          mainiacjoe_overflow_catwalk, david_orc_4, gammafunk_ghost_smash
D:10:     layout_long_grid, mainiacjoe_overflow_six_doors_small,
          mainiacjoe_overflow_small_starburst, lair_entry_dummy,
          serial_co_window_serial, co_window_paths_a, co_window_paths_b,
          co_window_paths_b, co_window_paths_a, co_window_of_opportunity_a,
          co_window_2corner, co_window_broadway_b, co_window_corner_b,
          co_window_of_opportunity_c, co_window_broadway_b, co_window_corner_cb,
          co_window_cross_2, glass_columns_c, glass_columns_c
D:11:     layout_basic, minmay_lindwurm_lava
D:12:     layout_gridville, kennysheep_generic_room_3
D:13:     layout_loops_corners, grunt_vaults_entry_tiered, minmay_door_square,
          uniq_lodul
D:14:     layout_rooms, minmay_pinched_square
D:15:     grunt_enter_depths_magical_seal, layout_rooms, serial_rivers,
          chequers_serial_rivers_micro_c, chequers_serial_rivers_large_b,
          chequers_serial_rivers_micro_a, chequers_serial_rivers_micro_d,
          chequers_serial_rivers_micro_c, chequers_serial_rivers_micro_e,
          uniq_jorgrun
Temple:   oiseaux_autumnal_temple
Lair:1:   layout_big_grid, infiniplex_staircase_pool_2, grunt_megastairs_5,
          lemuel_fruit_tree, uniq_harold
Lair:2:   layout_regular_city, hibernation_bobbens
Lair:3:   layout_roguey, elwin_shoals_entry_rocks,
          hellmonk_spider_entry_not_the_bees, nicolae_volcano_entry_hallway,
          uniq_urug
Lair:4:   layout_cave_pods, serial_bayou_pond_a, uniq_nessos
Lair:5:   minmay_lair_end_frog_pond, layout_regular_city, slime_entry_1,
          nicolae_quartered_pool_impasse, nzn_masters_of_martial_movement
Shoals:1: layout_shoals, serial_shops, shop
Shoals:2: nicolae_shoals_mermall, layout_shoals, serial_shops,
          nicolae_shop_window_shopping, uniq_ilsuiw
Shoals:3: layout_shoals, gammafunk_ghost_grave, serial_shops,
          nicolae_shop_statue_plus, nicolae_shoals_undead_eyrie, uniq_kirke
Shoals:4: shoals_end_grunt_ice, layout_shoals
Spider:1: layout_spider_delve
Spider:2: layout_spider_delve, nicolae_orb_island
Spider:3: layout_spider_delve
Spider:4: grunt_spider_rune_circles, uniq_arachne, uniq_bai_suzhen,
          uniq_roxanne, uniq_nikola
Slime:1:  layout_caves
Slime:2:  layout_caves
Slime:3:  layout_caves
Slime:4:  layout_caves
Slime:5
Orc:1:    layout_caves, hangedman_minor_magic
Orc:2:    st_orc_pillars, layout_caves, basic_altar, nicolae_orc_damp_corner,
          nicolae_specific_store
Elf:1:    minmay_elf_arrival_summoners, layout_geoelf_grid,
          gammafunk_ghost_grave, serial_shops, shop, minmay_elf_annihilation
Elf:2:    elven_hall_of_blades_hangedman_original
          [nicolae_blade_entry_area_security], layout_rooms, serial_shops,
          nicolae_shop_advertising_works [nicolae_subvault_shop_adworks],
          minivault_16
Elf:3:    minmay_elf_hall_spiked, layout_loops_corners
Vaults:1: hellmonk_ghost_big_iron, vaults_standard_mumra_lines,
          vaults_dpeg_cross, hangedman_vaults_slither,
          hangedman_vaults_stretched_pinwheel, nicolae_vaults_angled_halls,
          grunt_vaults_hallway_long, vaults_room_pool, v_misc_10,
          nicolae_vaults_asterisk, nicolae_vaults_murderbox,
          layout_vaults_omnicross, serial_shops, nicolae_shop_behind_doors,
          nicolae_shop_behind_doors
Vaults:2: portal_desolation_entry_holy_temple, st_diamondy, v_misc_12,
          vaults_standard_mumra_enter_the_diamond, ontoclasm_vaults_gateway,
          vaults_room_pool, nicolae_vaults_little_squares_1,
          layout_vaults_big_room, serial_shops, shop, uniq_asterion
Vaults:3: st_greater_box_5, hangedman_vaults_unwind, hangedman_vaults_slice,
          v_misc_14, vaults_dpeg_emergency_exit,
          nicolae_vaults_little_squares_4, v_misc_19,
          ontoclasm_vaults_ring_small, vaults_room_pools,
          layout_vaults_omnigrid, uniq_mennas
Vaults:4: nicolae_vaults_specimen_jars, hangedman_vaults_snaps,
          nicolae_vaults_ring_of_whatevers, v_rooms_1, hangedman_vaults_trim,
          v_misc_15, v_alt_pattern_2, hangedman_vaults_maws,
          nicolae_vaults_little_squares_3, layout_vaults_ring
Vaults:5: uniq_frederick
Crypt:1:  cheibrodos_crypt_eye_of_stone, layout_chaotic_city, grunt_ministairs_6
Crypt:2:  layout_misc_corridors
Crypt:3:  church_of_pain_bobbens, layout_chaotic_city,
          tomb_entry_simple_bobbens, uniq_xtahua, uniq_khufu
Tomb:1
Depths:1: layout_gridlike, rand_demon_pan_entry_5, hell_entry,
          abyss_entry_small_statue_room, hangedman_abyss_or_decor_lesser_grid,
          kennysheep_generic_room_12, grunt_megastairs_1, uniq_enchantress
Depths:2: kennysheep_green_arena, layout_cross, pf_coc_iceberg, pan_entry,
          tgw_sif
Depths:3: minmay_skeleton_keep, layout_cave_pools, enter_ziggurat_b,
          muffindrake_ghost_three_little_ghosts, lightli_too_deep, abyss_entry,
          zin_purify
Depths:4: grunt_zot_entry_tricorne, layout_gridlike, nicolae_sextant, pan_entry,
          hell_entry, pandoras_box_mu
Hell
Zot:1:    layout_gridlike, drop_trap, zot_minivault_1
Zot:2:    layout_cathedral_of_symmetry
Zot:3:    layout_gridlike, uniq_vv
Zot:4:    layout_cathedral_of_symmetry, grunt_megastairs_3
Zot:5:    layout_misc_corridors

Skill      XL: |  1  2  3  4  5  6  7  8  9 10 11 12 13 14 15 16 17 18 19 20 21 22 23 24 25 26 27 |
---------------+----------------------------------------------------------------------------------+-----
Axes           | 3 5 6 8 10 11 12 13 14 15 16 17 18 19 20 21 22 23 24 | 24.0
Dodging        | 3 4 5 6 7 8 9 10 11 12 13 14 18 | 18.0
Invocations    | 3 5 8 10 12 13 14 15 16 | 16.0
Armour         | 3 5 6 7 9 10 11 12 13 14 15 16 17 21 | 21.0
Fighting       | 4 5 6 8 9 10 11 12 13 14 15 16 17 21 | 21.0
Shields        | 2 4 7 9 10 11 13 15 16 17 18 19 20 21 | 21.0
Translocations | 3 4 6 7 8 9 10 11 12 13 19 | 19.9
Spellcasting   | 3 5 |  5.0
Evocations     | 2 5 6 7 9 10 11 12 13 14 15 | 15.0
Throwing       | 3 5 6 7 8 9 11 12 13 19 | 19.9

Action                   |  1- 3 |  4- 6 |  7- 9 | 10-12 | 13-15 | 16-18 | 19-21 | 22-24 | 25-27 || total
-------------------------+-------+-------+-------+-------+-------+-------+-------+-------+-------++-------
Melee: Hand axe          |    86 |    28 |       |       |       |    16 |       |       |       ||   130
       War axe           |       |    37 |   124 |    55 |       |       |       |       |       ||   216
       Punch             |       |     1 |       |     1 |       |       |       |       |       ||     2
       Mace              |       |    16 |   126 |   115 |       |       |       |       |       ||   257
       Broad axe         |       |       |       |   250 |       |       |       |       |       ||   250
       Executioner's axe |       |       |       |       |   866 |  1102 |  1052 |   941 |  2739 ||  6700
       Scimitar          |       |       |       |       |    42 |       |       |       |       ||    42
Throw: Dart              |     4 |     4 |    13 |    22 |     2 |     6 |       |       |       ||    51
       Boomerang         |       |       |       |     4 |       |    65 |   143 |    17 |    87 ||   316
       Javelin           |       |       |       |       |       |       |     3 |       |    38 ||    41
 Cast: Apportation       |       |       |       |       |       |     3 |       |     2 |     7 ||    12
       Manifold Assault  |       |       |       |       |       |       |       |       |     3 ||     3
Invok: Heroism           |       |       |     1 |    22 |    22 |    27 |    37 |    19 |    47 ||   175
       Finesse           |       |       |       |       |       |     1 |     1 |     2 |     2 ||     6
       Brand Weapon With |       |       |       |       |       |       |       |       |     1 ||     1
Evoke: Wand              |       |       |     2 |     5 |       |     4 |       |     1 |       ||    12
       Piece from Xom's  |       |       |       |       |       |     2 |       |       |       ||     2
       Condenser vane    |       |       |       |       |       |       |     1 |     1 |     1 ||     3
  Use: Scroll            |       |     6 |     1 |     8 |    11 |     2 |     1 |     1 |    15 ||    45
       Potion            |       |       |       |     1 |       |     2 |     4 |     2 |    13 ||    22
 Stab: Sleeping          |     1 |     1 |     5 |     3 |     2 |       |       |       |       ||    12
       Paralysed         |       |       |       |       |       |       |       |     2 |       ||     2
       Confused          |       |       |       |       |       |       |       |       |     1 ||     1
Armor: Leather armour    |    29 |    28 |    80 |     3 |       |       |       |       |       ||   140
       Swamp dragon scal |       |       |       |   149 |    75 |       |       |       |       ||   224
       Chain mail        |       |       |       |       |   230 |   530 |   216 |   256 |   807 ||  2039
       Skin              |       |       |       |       |       |       |       |       |    32 ||    32
Dodge: Dodged            |    41 |    38 |   106 |   180 |   259 |   375 |   156 |   220 |   697 ||  2072
Block: Other             |     1 |    22 |    51 |    22 |       |       |       |       |       ||    96
       Reflection        |       |     3 |       |     8 |       |    95 |    69 |   114 |    49 ||   338
       Kite shield       |       |       |       |   233 |    78 |       |       |       |       ||   311
       Tower shield      |       |       |       |       |   539 |  1311 |   836 |  1008 |  2770 ||  6464
